 Dungeon Crawl Stone Soup version 0.28-a0-691-gad6df49e81 (webtiles) character file.

Game seed: 18360456650874713790

2332 ZARRMARR the Conjurer (level 9, -3/73 HPs)
             Began as a Demigod Conjurer on Oct 23, 2021.
             Slain by a yak (4 damage)
             ... on level 6 of the Dungeon.
             The game lasted 00:10:06 (6724 turns).

ZARRMARR the Conjurer (Demigod Conjurer)            Turns: 6724, Time: 00:10:07

Health: -3/73      AC: 11    Str:  8    XL:     9   Next: 0%
Magic:  1/19       EV: 11    Int: 32    God:
Gold:   350        SH:  0    Dex: 12    Spells: 14/17 levels left

rFire   + . .      SeeInvis .   c - +3 short sword (elec)
rCold   + . .      Faith    .   (no shield)
rNeg    . . .      Spirit   .   h - +3 ring mail {rC+}
rPois   .          Reflect  .   (no helmet)
rElec   .          Harm     .   s - +0 cloak
rCorr   .          Rampage  .   (no gloves)
Will    .....                   g - +0 pair of boots
Stlth   +.........              (no amulet)
HPRegen 0.22/turn               w - ring of protection from fire
MPRegen 0.16/turn               (no ring)

@: no status effects
A: high mp 1, forlorn
a: no special abilities


You were on level 6 of the Dungeon.
You visited 1 branch of the dungeon, and saw 6 of its levels.

You collected 350 gold pieces.

Inventory:

Hand Weapons
 c - a +3 short sword of electrocution (weapon)
Missiles
 d - 3 javelins
 j - 66 arrows
 l - 3 boomerangs
 o - 18 sling bullets
 t - 41 bolts
Armour
 g - a +0 pair of boots (worn)
 h - a +3 ring mail of cold resistance (worn)
 s - a +0 cloak (worn)
Jewellery
 w - a ring of protection from fire (left hand)
Wands
 f - a wand of digging (4)
 i - a wand of iceblast (6)
 p - a wand of paralysis (3)
Scrolls
 a - a scroll of vulnerability
 b - a scroll of enchant weapon
 k - 2 scrolls of amnesia
 m - 2 scrolls of teleportation {unknown}
 v - a scroll of enchant armour {unknown}
Potions
 e - 2 potions of brilliance
 n - a potion of lignification {unknown}
 q - a potion of flight {unknown}
 r - 2 potions of degeneration {unknown}
 u - a potion of attraction {unknown}
 x - 5 potions of curing {unknown}


   Skills:
 + Level 4.8 Fighting
 + Level 4.8 Armour
 + Level 5.3 Dodging
 - Level 1.7 Stealth
 + Level 4.8 Spellcasting
 + Level 6.2 Conjurations


You had 14 spell levels left.
You knew the following spells:

 Your Spells              Type           Power      Damage    Failure   Level
a - Magic Dart            Conj           100%       1d8       1%          1
b - Searing Ray           Conj           94%        2d7       1%          2

Your spell library contained the following spells:

 Spells                   Type           Power      Damage    Failure   Level
 Dazzling Flash           Conj/Hex       54%        N/A       12%         3
 Fulminant Prism          Conj/Hex       13%        3d9       38%         4
 Iskenderun's Mystic Bla  Conj/Tloc      27%        2d7       38%         4


Dungeon Overview and Level Annotations

Branches:
Dungeon (6/15)
 Temple: D:4-7


Innate Abilities, Weirdness & Mutations

Your attributes grow dramatically as you level up.
You have an increased reservoir of magic. (+10% MP)
You shall have no god before yourself.


Message History

The yak gores you! The yak barely misses you.
Unknown command.
Casting: Searing Ray (safe; 2% risk of failure)
Confirm with . or Enter, or press ? or * to list all spells.
Aiming: Searing Ray (safe; 2% risk of failure)
Press: ? - help, Shift-Dir - straight line, f/p - yak
Aim: a yak (heavily wounded, 89% to hit)
The searing ray misses the yak.
The searing ray hits the yak.
The yak is severely wounded. (Press . to maintain the ray.)
The yak closely misses you. The yak gores you.
The searing ray hits the yak.
The yak is severely wounded.
The searing ray hits the yak!
The yak is almost dead.
The yak gores you!
* * * LOW HITPOINT WARNING * * *
The yak gores you but does no damage.
You hit the yak. Lightning courses through the yak!
You kill the yak!
The yak gores you!
* * * LOW HITPOINT WARNING * * *
The yak gores you but does no damage.
You hit the yak.
The yak is almost dead.
The yak gores you!
* * * LOW HITPOINT WARNING * * *
The yak gores you but does no damage.
Unknown command.
You hit the yak. Lightning courses through the yak!!
You kill the yak!
The yak gores you but does no damage.
You have reached level 9!
Your experience leads to a dramatic increase in your attributes!
Increase (S)trength, (I)ntelligence, or (D)exterity?
You feel clever. x4
You hit the yak.
The yak is moderately wounded.
The yak gores you.
You die...

...... ....#..
..... ......# ....
.....# ## ... ....#
.#### .. ...#
....##### †#..#
........##### ##..#
.....†......####Y.#
................@##
............##..##
............###..#
...)........# #..#
............# #..#
............# ##.#
..#.......... ..
###........# ...
...


You could see a yak.

Vanquished Creatures
  Pikel (D:6)
  3 yaks (D:6)
  A steam dragon (D:6)
  A black bear (D:4)
  An ogre (D:5)
  A necrophage (D:4)
  2 centaurs (D:5)
  2 phantoms
  A lemure (D:6)
  Blork the orc (D:4)
  A scorpion (D:6)
  A wyvern skeleton (D:4)
  A centaur zombie (D:5)
  5 hounds
  An orc priest (D:4)
  Crazy Yiuf (D:4)
  A jelly (D:4)
  An orc wizard (D:3)
  Ijyb (D:3)
  2 iguanas (D:5)
  A killer bee zombie (D:5)
  A howler monkey skeleton (D:5)
  2 adders
  3 gnolls
  2 shadow imps (D:5)
  A white imp (D:6)
  3 dart slugs
  8 orcs
  10 ball pythons
  4 bats
  5 endoplasms
  4 giant cockroaches
  12 goblins
  9 hobgoblins
  7 jackals
  3 quokkas
  5 frilled lizards
  7 kobolds
  4 rats
120 creatures vanquished.

Notes
Turn   | Place    | Note
-------+----------+-------------------------------------------
     0 | D:1      | ZARRMARR the Demigod Conjurer began the quest for the Orb.
     0 | D:1      | Reached XP level 1. HP: 14/14 MP: 5/5
   213 | D:1      | Reached XP level 2. HP: 22/22 MP: 2/7
  1032 | D:1      | Reached XP level 3. HP: 27/27 MP: 1/8
  1246 | D:1      | Learned a level 2 spell: Searing Ray
  1254 | D:2      | Reached skill level 1 in Fighting
  1266 | D:2      | Reached skill level 1 in Armour
  2221 | D:3      | Reached skill level 4 in Conjurations
  2221 | D:3      | Reached XP level 4. HP: 31/35 MP: 3/10
  2474 | D:3      | Noticed Ijyb
  2487 | D:3      | Killed Ijyb
  3488 | D:3      | Reached XP level 5. HP: 37/41 MP: 1/11
  4019 | D:4      | Noticed a necrophage
  4026 | D:4      | Killed a necrophage
  4027 | D:4      | Reached XP level 6. HP: 50/50 MP: 4/13
  4224 | D:4      | Noticed Blork the orc
  4233 | D:4      | Killed Blork the orc
  4533 | D:4      | Reached XP level 7. HP: 56/56 MP: 10/15
  4620 | D:4      | Found a runed translucent door.
  4621 | D:4      | Noticed Crazy Yiuf
  4931 | D:4      | Paralysed by a gnoll for 7 turns
  5288 | D:4      | Killed Crazy Yiuf
  5481 | D:5      | Entered Level 5 of the Dungeon
  5521 | D:5      | Reached skill level 5 in Conjurations
  6018 | D:5      | Reached XP level 8. HP: 66/66 MP: 11/17
  6350 | D:6      | Noticed Pikel
  6357 | D:6      | Killed Pikel
  6593 | D:6      | Reached skill level 5 in Dodging
  6714 | D:6      | Reached skill level 6 in Conjurations
  6722 | D:6      | HP: 1/67 [yak (9)]
  6724 | D:6      | Reached XP level 9. HP: 1/73 MP: 1/19
  6724 | D:6      | Slain by a yak

Illustrated notes

Levels and vault maps discovered:
D:1:      psy_arrival_conway, layout_basic, minmay_misc_feat_four_crosses,
          glass_columns_c
D:2:      layout_loops_ring, basic_altar, minmay_strange_pillars,
          hangedman_decor_growths, minmay_heptomino_h4
D:3:      layout_basic, mainiacjoe_overflow_catwalk,
          ebering_ecumenical_altar_sacrificial, chequers_avenue, uniq_ijyb
D:4:      layout_basic, uniq_blork_the_orc, uniq_crazy_yiuf_cottage
D:5:      layout_basic, kennysheep_generic_room_13
D:6:      layout_cave_pods, hellmonk_bongcloud_opening, uniq_prince_ribbit1,
          uniq_pikel

Skill      XL: |  1  2  3  4  5  6  7  8 |
---------------+-------------------------+-----
Dodging        | 2 3 4 5 |  5.3
Spellcasting   | 2 3 4 |  4.8
Fighting       | 1 2 3 4 |  4.8
Armour         | 1 2 3 4 |  4.8
Conjurations   | 4 5 6 |  6.2
Stealth        | |  1.7

Action                   |  1- 3 |  4- 6 |  7- 9 || total
-------------------------+-------+-------+-------++-------
Melee: Unarmed           |    28 |       |       ||    28
       Short sword       |     2 |    51 |    37 ||    90
       Dagger            |     1 |       |       ||     1
Throw: Javelin           |     3 |       |       ||     3
 Cast: Magic Dart        |    95 |    62 |    33 ||   190
       Searing Ray       |       |    10 |    21 ||    31
  Use: Scroll            |     5 |     1 |     1 ||     7
Armor: Robe              |    12 |     1 |       ||    13
       Ring mail         |       |    19 |    32 ||    51
Dodge: Dodged            |    29 |    23 |    40 ||    92

Table legend: (Time is in decaauts)
 A = Elapsed time spent in this place.
 B = Non-inter-level travel time spent in this place.
 C = Inter-level travel time spent in this place.
 D = Time resting spent in this place.
 E = Time spent auto-exploring this place.
 F = Levels seen in this place.
 G = Mean time per level.
                   A        B        C        D        E       F      G
               +--------+--------+--------+--------+--------+-----+--------+
         Total |   6739 |   6558 |    181 |    257 |   5604 |   6 | 1123.2 |
       Dungeon |   6739 |   6558 |    181 |    257 |   5604 |   6 | 1123.2 |
               +--------+--------+--------+--------+--------+-----+--------+

Top non-repeatable levels by time:
     D:4: 1739 daAuts
     D:3: 1533 daAuts
     D:1: 1252 daAuts
     D:2: 965 daAuts
     D:5: 847 daAuts
     D:6: 400 daAuts
